 Dungeon Crawl Stone Soup version 0.28-a0-1213-g0243856f03 (webtiles) character file.

Game seed: 2630826098338522561

141 Drazool the Cudgeller (level 5, -4/45 HPs)
             Began as a Ghoul Gladiator on Dec 21, 2021.
             Was a Priest of Cheibriados.
             Slain by a gnoll (6 damage)
             ... on level 2 of the Dungeon.
             The game lasted 00:08:45 (2411 turns).

Drazool the Cudgeller (Ghoul Gladiator)             Turns: 2411, Time: 00:08:45

Health: -4/45      AC:  4    Str: 24    XL:     5   Next: 24%
Magic:  5/5        EV: 12    Int: 11    God:    Cheibriados [***...]
Gold:   72         SH:  0    Dex: 16    Spells: 4/4 levels left

rFire   + . .      SeeInvis .   a - +0 flail (flame)
rCold   . . .      Faith    .   (no shield)
rNeg    + + +      Spirit   .   g - +0 leather armour
rPois   ∞          Reflect  .   c - +0 helmet
rElec   .          Harm     .   (no cloak)
rCorr   .          Rampage  .   (no gloves)
Will    .....                   (no boots)
Stlth   +.........              (no amulet)
HPRegen 0.00/turn               F - ring of fire
MPRegen 0.09/turn               (no ring)

@: attractive, inhibited regen, very slow
A: claws 1, cold resistance 1, negative energy resistance 3, inhibited
regeneration, torment resistance 2
a: Renounce Religion, Bend Time, Temporal Distortion


You were on level 2 of the Dungeon.
You worshipped Cheibriados.
Cheibriados was most pleased with you.
You visited 1 branch of the dungeon, and saw 3 of its levels.

You collected 72 gold pieces.


Innate Abilities, Weirdness & Mutations

You thrive by killing the living.
You are immune to poison.
You have sharp fingernails.
Your flesh is cold resistant. (rC+)
You are immune to negative energy. (rN+++)
You do not regenerate when monsters are visible.
You are immune to unholy pain and torment.


   Skills:
 - Level 3.0 Fighting
 + Level 4.5 Maces & Flails
 - Level 1.7 Throwing
 - Level 2.6 Dodging
 - Level 2.0 Invocations


You had 4 spell levels left.
You didn't know any spells.
Your spell library was empty.

Inventory:

Hand Weapons
 a - a +0 flail of flaming (weapon)
 b - a +0 mace of venom
Missiles
 d - 3 throwing nets (quivered) {=f}
Armour
 c - a +0 helmet (worn)
 g - a +0 leather armour (worn)
Jewellery
 F - a ring of fire (left claw)
Potions
 f - a potion of degeneration
 j - a potion of flight
 l - a potion of cancellation

Dungeon Overview and Level Annotations

Branches:
Dungeon (3/15)

Altars:
Cheibriados
Dithmenos

Shops:
D:1

[ ##.....#### #.#
#.##.# ....♣.....#
#.# #.##.#
###..♣.##.# #.#
#.##.# #....##.#
#.#######.##.#
#.#.###.#
#.##.........#
#...# #.#
#.##...##....####
###.# #.#
#.##...#.........
#####.# #.#
##.............##.
......# #.#
#@#..........#.##.
####### #.#
##g........#.#.##.
#.#
####.........###.
#.# #...#....## #.
##### #.######
##...#.#######.
....## #......#
#...##.....##..
.....## ######.#
#.########.##.#
......# #.# #.#
#....##.# .....)#
#.# #.# #.#####.#


You could see a gnoll.


Message History

You completely miss the gnoll. The gnoll barely misses you.
The gnoll completely misses you. The gnoll barely misses you.
You hit the gnoll but do no damage. The gnoll hits you with a +0 club.
The gnoll hits you with a +0 halberd!
You closely miss the gnoll. The gnoll hits you with a +0 club.
* * * LOW HITPOINT WARNING * * *
The gnoll closely misses you.
Unknown command.
The gnoll hits you with a +0 club.
* * * LOW HITPOINT WARNING * * *
The gnoll barely misses you.
You sock the gnoll! You burn the gnoll.
You kill the gnoll!
Cheibriados appreciates the change of pace.
The gnoll closely misses you.
Unknown command.
You aren't carrying any items that you can evoke.
Really quaff the potion of attraction?
You feel attractive to monsters. The gnoll barely misses you.
The gnoll is attracted toward you.
You closely miss the gnoll. The gnoll hits you with a +0 halberd!
* * * LOW HITPOINT WARNING * * *
Unknown command.
You barely miss the gnoll. The gnoll closely misses you.
You barely miss the gnoll. The gnoll barely misses you.
You closely miss the gnoll. The gnoll misses you.
You closely miss the gnoll. The gnoll hits you with a +0 halberd!
* * * LOW HITPOINT WARNING * * *
The gnoll hits you with a +0 halberd.
You die...

Skill      XL: |  1  2  3  4 |
---------------+-------------+-----
Maces & Flails | 3 4 |  4.5
Invocations    | 2 |  2.0
Fighting       | 3 |  3.0
Throwing       | |  1.7
Dodging        | |  2.6

Action                   |  1- 3 |  4- 6 || total
-------------------------+-------+-------++-------
Melee: Mace              |    68 |    41 ||   109
       Flail             |       |    23 ||    23
Throw: Throwing net      |     1 |       ||     1
Invok: Bend Time         |       |     1 ||     1
  Use: Scroll            |       |     9 ||     9
       Potion            |       |     1 ||     1
 Stab: Sleeping          |       |     2 ||     2
Armor: Leather armour    |    12 |    15 ||    27
Dodge: Dodged            |    29 |    51 ||    80

Levels and vault maps discovered:
D:1:      tarquinn_simple_flora_water_e, layout_basic, serial_shops,
          nicolae_shop_hallway_stairs, hellmonk_ecumenical_altar_inner_sanctum,
          hangedman_abyss_or_decor_stabs
D:2:      minmay_roachtagon, layout_loops_ring, basic_altar,
          hangedman_feature_mirror, chequers_mini_garden
D:3:      layout_rooms, mainiacjoe_overflow_24_doors, minmay_lizard_king,
          uniq_robin

Notes
Turn   | Place    | Note
-------+----------+-------------------------------------------
     0 | D:1      | Drazool the Ghoul Gladiator began the quest for the Orb.
     0 | D:1      | Reached XP level 1. HP: 17/17 MP: 0/0
   368 | D:1      | Reached skill level 3 in Maces & Flails
   582 | D:1      | Found a faded altar of an unknown god.
   590 | D:1      | Prayed at the altar of an unknown god.
   590 | D:1      | Became a worshipper of Cheibriados the Contemplative
   590 | D:1      | Reached * piety under Cheibriados
   726 | D:1      | Found Xoeff's Armour Emporium.
   976 | D:2      | Reached XP level 2. HP: 15/24 MP: 1/1
  1164 | D:2      | Reached XP level 3. HP: 29/29 MP: 2/2
  1390 | D:2      | Reached ** piety under Cheibriados
  1431 | D:2      | Reached skill level 4 in Maces & Flails
  1551 | D:2      | Found a shadowy altar of Dithmenos.
  1576 | D:2      | Reached XP level 4. HP: 30/36 MP: 3/3
  1717 | D:2      | Reached skill level 1 in Invocations
  2009 | D:2      | Reached skill level 2 in Invocations
  2283 | D:3      | Reached skill level 3 in Fighting
  2283 | D:3      | Reached XP level 5. HP: 42/45 MP: 5/5
  2295 | D:2      | Reached *** piety under Cheibriados
  2411 | D:2      | HP: 2/45 [gnoll (9)]
  2411 | D:2      | Slain by a gnoll

Vanquished Creatures
  A howler monkey (D:3)
  2 adders (D:2)
  A gnoll (D:2)
  3 worms (D:2)
  A dart slug (D:2)
  An orc (D:2)
  3 ball pythons
  3 endoplasms (D:2)
  15 giant cockroaches (D:2)
  3 goblins
  6 hobgoblins
  A jackal (D:2)
  2 quokkas (D:2)
  2 frilled lizards
  6 kobolds
  4 rats
54 creatures vanquished.

Vanquished Creatures (others)
  6 plants (D:3)
6 creatures vanquished.

Grand Total: 60 creatures vanquished

Table legend: (Time is in decaauts)
 A = Elapsed time spent in this place.
 B = Non-inter-level travel time spent in this place.
 C = Inter-level travel time spent in this place.
 D = Time resting spent in this place.
 E = Time spent auto-exploring this place.
 F = Levels seen in this place.
 G = Mean time per level.
                   A        B        C        D        E       F      G
               +--------+--------+--------+--------+--------+-----+--------+
         Total |   3002 |   2741 |    261 |     96 |   2171 |   3 | 1000.7 |
       Dungeon |   3002 |   2741 |    261 |     96 |   2171 |   3 | 1000.7 |
               +--------+--------+--------+--------+--------+-----+--------+

Top non-repeatable levels by time:
     D:2: 1748 daAuts
     D:1: 1095 daAuts
     D:3: 158 daAuts

Table legend:
 A = Non-vault XP
 B = Vault XP
 C = Vault XP percentage of total XP
 D = Non-vault monster count
 E = Vault monster count
 F = Vault count percentage of total count
                 A         B        C        D         E       F
            +---------+---------+-------+---------+---------+-------
      Total |     169 |      33 |  16.3 |      37 |      17 |  31.5
            +---------+---------+-------+---------+---------+-------
        D:1 |       9 |       0 |   0.0 |       6 |       0 |   0.0
        D:2 |      98 |      33 |  25.2 |      27 |      17 |  38.6
        D:3 |      62 |       0 |   0.0 |       4 |       0 |   0.0
            +---------+---------+-------+---------+---------+-------
